 Dungeon Sprint DCSS version 0.30-a0-696-g2367cd04db (webtiles) character file.

Game seed: 7520478914325996592

8 petercordia the Conjurer (level 2, -3/37 HPs)
             Began as a Naga Conjurer on Jan 20, 2023.
             Slain by an iguana (13 damage)
             ... in the Dungeon (Sprint IX: "|||||||||||||||||||||||||||||").
             The game lasted 00:01:20 (72 turns).

petercordia the Conjurer (Naga Conjurer)              Turns: 72, Time: 00:01:21

Health: -3/37      AC:  1    Str:  9    XL:     2   Next: 8%
Magic:  2/6        EV:  9    Int: 18    God:
Gold:   0          SH:  0    Dex:  9    Spells: 6/7 levels left

rFire   . . .      SeeInvis +    (no weapon)
rCold   . . .      Faith    .    (no shield)
rNeg    . . .      Spirit   .    a - +0 robe
rPois   +          Reflect  .    (no helmet)
rElec   .          Harm     .    (no cloak)
rCorr   .          Rampage  .    (no gloves)
Will    .....      NoTele   +    (no barding) Stlth
                                 (no amulet)
HPRegen 0.26/turn                (no ring)
MPRegen 0.10/turn                (no ring)

@: berserking, short of breath, quick
A: AC +0, large, see invisible, deformed body, poison resistance, slowness 2,
spit poison 1, naga tail 1
a: Spit Poison


You were in the Dungeon.
You visited 1 branch

Inventory:

Armour
 a - a +0 robe (worn)
Scrolls
 g - a scroll of blinking
Potions
 b - 3 potions of magic
 c - a potion of curing
 d - a potion of heal wounds
 e - a potion of haste


   Skills:
 + Level 1.4 Fighting
 - Level 1.5 Dodging
 - Level 3.0 Stealth
 * Level 3.0 Spellcasting
 * Level 4.7 Conjurations


You had 6 spell levels left.
You knew the following spells:

 Your Spells              Type           Power      Damage    Failure   Level
a - Magic Dart            Conj           76%        1d6       2%          1

Your spell library contained the following spells:

 Spells                   Type           Power      Damage    Failure   Level
 Searing Ray              Conj           38%        2d5       3%          2
 Dazzling Flash           Conj/Hex       22%        N/A       19%         3
 Fulminant Prism          Conj/Hex       5%         3d7       52%         4
 Iskenderun's Mystic Bla  Conj/Tloc      11%        2d4       52%         4


Dungeon Overview and Level Annotations

Branches:
Dungeon (1/1)

Altars:


Innate Abilities, Weirdness & Mutations

Your serpentine skin is tough. (AC +0)
You have supernaturally acute eyesight. (SInv)
Armour fits poorly on your strangely shaped body.
Your system is resistant to poisons. (rPois)
You cover ground very slowly.
You can spit poison.
You have a snake-like lower body.


Message History

You miss the quokka. The quokka closely misses you.
Aiming: Spit Poison (3% risk of failure)
Press: ? - help, Shift-Dir - straight line, f - quokka
Aim: a quokka (38% to hit)
The splash of poison hits the quokka.
You kill the quokka!
You start resting.
You have got your breath back.
You start resting.
HP restored.
You start resting.
Magic restored.
There is an open door to the Dungeon here.
You see here a bat corpse.
You open the door.
A white imp, a phantom, an adder, an iguana and an orc come into view.
The white imp shouts!
The iguana hisses angrily.
The adder hisses angrily.
The orc shouts!
Unknown command.
Aiming: Spit Poison (3% risk of failure)
Press: ? - help, Shift-Dir - straight line, f - orc
Aim: an orc, wielding a +0 flail and wearing a +0 ring mail (59% to hit)
The splash of poison hits the orc but does no damage.
The orc is poisoned.
The white imp puffs mist at you.
Unknown command.
The magic dart hits the orc.
The orc is lightly wounded.
The orc hits you with a +0 flail.
The magic dart hits the orc.
You kill the orc!
Your Spellcasting skill increases to level 3!
You have reached level 2!
The magic dart hits the iguana but does no damage.
The iguana bites you!
Ouch! That really hurt!
* * * LOW HITPOINT WARNING * * *
A red film seems to cover your vision as you go berserk!
You feel yourself moving faster!
You feel mighty! The iguana bites you!
You die...

▓+▓
▓.▓
▓5▓
▓.▓
▓W▓
▓S▓
▓l▓
▓@▓
▓.▓
▓.▓
▓.▓
▓.▓
▓†▓
▓.▓
▓.▓
▓.▓


You could see a phantom, an iguana, an adder and a white imp.

Vanquished Creatures
  An orc (D)
  2 endoplasms (D)
  A hobgoblin (D)
  A quokka (D)
  A bat (D)
6 creatures vanquished.

Notes
Turn   | Place    | Note
-------+----------+-------------------------------------------
     0 | D        | petercordia the Naga Conjurer began the quest for the Orb.
     0 | D        | Reached XP level 1. HP: 15/15 MP: 3/3
    11 | D        | Reached skill level 1 in Fighting
    19 | D        | Banished a spatial maelstrom
    67 | D        | Noticed a phantom
    67 | D        | Noticed an iguana
    71 | D        | Reached XP level 2. HP: 20/25 MP: 3/6
    72 | D        | Slain by an iguana

Illustrated notes

Levels and vault maps discovered:
D:        linesprint [early_d, line_temple, items_1, d_10, items_2, lair_1,
          lair_end, items_3, orc_1, orc_end, items_4, d_15, swamp_1, shoals_1,
          snake_1, spider_1, d_20, vaults_1, items_5, swamp_end, shoals_end,
          snake_end, spider_end, vaults_end, d_27, items_6, zot_1, zot_end,
          crypt_end, forest_end, elf_end, slime_end, tomb_end, abyss_end,
          pan_hell_end]

Skill      XL: |  1 |
---------------+----+-----
Fighting       | 1 |  1.4
Spellcasting   | 3 |  3.0
Dodging        | |  1.5
Stealth        | |  3.0
Conjurations   | |  4.7

Action                   || total
-------------------------++-------
Melee: Unarmed           ||    12
 Cast: Magic Dart        ||     7
 Abil: Spit Poison       ||     4
  Use: Potion            ||     1
Armor: Robe              ||     7
Dodge: Dodged            ||    10

Table legend: (Time is in decaauts)
 A = Elapsed time spent in this place.
 B = Non-inter-level travel time spent in this place.
 C = Inter-level travel time spent in this place.
 D = Time resting spent in this place.
 E = Time spent auto-exploring this place.
 F = Levels seen in this place.
 G = Mean time per level.
                   A        B        C        D        E       F      G
               +--------+--------+--------+--------+--------+-----+--------+
         Total |     75 |     75 |      0 |     38 |      4 |   1 |   75.0 |
       Dungeon |     75 |     75 |      0 |     38 |      4 |   1 |   75.0 |
               +--------+--------+--------+--------+--------+-----+--------+

Top non-repeatable levels by time:
       D: 75 daAuts
